 Dungeon Crawl Stone Soup version 0.27-a0-808-g60bc5d92e6 (webtiles) character file.

Game seed: 8387976470143458909

821 funkygono the Magician (level 7, 0/45 HPs)
             Began as a Djinni Fire Elementalist on Mar 28, 2021.
             Was an Initiate of Cheibriados.
             Slain by a scorpion (4 damage)
             ... on level 5 of the Dungeon.
             The game lasted 00:09:12 (4251 turns).

funkygono the Magician (Djinni Fire Elementalist)   Turns: 4251, Time: 00:09:13

Health: 0/45       AC:  3    Str:  8    XL:     7   Next: 95%
Gold:   116        EV: 12    Int: 19    God:    Cheibriados [......] SH:  0 Dex: 15

rFire    + + .     SeeInvis .   k - +2 dagger (holy)
rCold    x . .     Faith    .   (no shield)
rNeg     . . .     Spirit   .   b - +0 leather armour
rPois    ∞         Reflect  .   (no helmet)
rElec    .         Harm     .   (no cloak)
rCorr    .         Rampage  .   (no gloves)
Will     .....                  (boots unavailable)
Stlth    ++........             (no amulet)
HPRegen  0.15/turn              d - ring of wizardry
MPRegen  0.00/turn              r - ring of wizardry

@: flying, very slow
A: fire resistance 2, cold vulnerability 1, float, innate caster, hp casting,
extra vitality 1
a: Renounce Religion, Bend Time


You were on level 5 of the Dungeon.
You worshipped Cheibriados.
Cheibriados was noncommittal.
You visited 2 branches of the dungeon, and saw 6 of its levels.

You collected 116 gold pieces.

Inventory:

Hand Weapons
 e - a +1 dagger of venom
 k - a +2 dagger of holy wrath (weapon)
Armour
 a - a +0 robe
 b - a +0 leather armour (worn)
 c - a +0 scale mail
 j - a +0 kite shield
Jewellery
 d - a ring of wizardry (left hand)
 r - a ring of wizardry (right hand)
Wands
 p - a wand of acid (12)
Scrolls
 i - a scroll of magic mapping
 m - 2 scrolls of silence
Potions
 f - 3 potions of heal wounds
 g - a potion of berserk rage
 h - 2 potions of degeneration {unknown}
 l - 4 potions of mutation
 n - a potion of might {unknown}
 o - a potion of curing {unknown}
 s - a potion of flight {unknown}
 t - a potion of attraction {unknown}
 u - a potion of brilliance {unknown}


   Skills:
 * Level 2.4 Armour
 + Level 3.0 Dodging
 - Level 1.5 Stealth
 * Level 7.2 Spellcasting


You couldn't memorise any spells.
You knew the following spells:

 Your Spells              Type           Power      Damage    Failure   Level
a - Foxfire               Conj/Fire      100%       2x1d9     1%          1
b - Conjure Flame         Conj/Fire      34%        6-21      1%          3
c - Inner Flame           Hex/Fire       34%        N/A       1%          3
d - Sticky Flame          Conj/Fire      34%        2d5       1%          4
e - Fireball              Conj/Fire      17%        3d9       5%          5
f - Freeze                Ice            100%       1d11      1%          1
g - Corpse Rot            Necr/Air       N/A        N/A       1%          2
h - Passwall              Tmut/Erth      28%        N/A       1%          2
Your spell library was empty.

Dungeon Overview and Level Annotations

Branches:
Dungeon (5/15)             Temple (1/1) D:4

Altars:
Ashenzari
Cheibriados
Fedhas
Gozag
Hepliaklqana
Kikubaaqudgha
Makhleb
Nemelex Xobeh
Okawaru
Qazlal
Ru
Sif Muna
Trog
Uskayaw
Vehumet
Wu Jian
Xom
Yredelemnul
Zin
The Shining One

Shops:
D:2 ![


Innate Abilities, Weirdness & Mutations

You are immune to poison.
Your flesh is very heat resistant. (rF++)
You are vulnerable to cold. (rC-)
You float through the air rather than walking.
You learn spells naturally, not from books.
Your magical power is your life essence.
You have superior vitality. (+4 HP)


Message History

Aim: an ice beast (moderately wounded, 0% to evade)
The sticky flame hits the ice beast.
The ice beast melts!
The ice beast is heavily wounded.
The ice beast is covered in liquid flames!
The ice beast burns!
The adder bites you but does no damage. The ice beast hits you.
The ice beast freezes you!!
You feel a terrible chill!
* * * LOW HITPOINT WARNING * * *
The adder bites you.
* * * LOW HITPOINT WARNING * * *
The ice beast burns!
The ice beast closely misses you.
The ice beast burns!
You kill the ice beast!
Cheibriados appreciates the change of pace.
The adder closely misses you.
Your Spellcasting skill increases to level 7!
The adder bites you but does no damage. The adder bites you.
* * * LOW HITPOINT WARNING * * *
The adder bites you but does no damage. The adder barely misses you.
The adder barely misses you.
Casting: Sticky Flame (dangerous; 2% risk of failure)
Confirm with . or Enter, or press ? or * to list all spells.
Aiming: Sticky Flame (dangerous; 2% risk of failure)
Press: ? - help, Shift-Dir - straight line, f - adder
Aim: an adder (0% to evade)
The sticky flame hits the adder.
The adder is heavily wounded.
The adder is covered in liquid flames!
* * * LOW HITPOINT WARNING * * *
The adder burns!
You kill the adder!
Cheibriados thoroughly appreciates the change of pace.
Casting: Sticky Flame (dangerous; 1% risk of failure)
Confirm with . or Enter, or press ? or * to list all spells.
The fire begins to smolder!
* * * LOW HITPOINT WARNING * * *
The scorpion smothers the flame.
The scorpion stings you.
You die...

.######..# ##...
#.)# ##.# #..#
######.# #..#
#....... #..#
#Z...... #..#
#.####.# #..#
#####.# #.#
#..######.....# #.#
#..@sZ..†.....# #.#
##.######.##.## #.#
#......#.##.## #.#
######.#.##..# #..
#.#####.# ###
#.#...(.#
#.#.###.### #
#######.#.###...# #
#.......#.##....###.


You could see a scorpion and a hound skeleton.

Vanquished Creatures
  Sigmund (D:2)
  An ice beast (D:5)
  2 ogres (D:5)
  A scorpion (D:5)
  2 hounds
  A bullfrog zombie (D:4)
  2 jellies (D:4)
  2 hound skeletons (D:4)
  5 adders
  3 gnolls (D:3)
  An ufetubus (D:4)
  A worm (D:2)
  4 dart slugs
  12 orcs
  2 bats (D:3)
  6 endoplasms
  7 goblins
  4 hobgoblins
  13 jackals
  15 kobolds
  3 quokkas
  3 ball pythons
  3 frilled lizards
94 creatures vanquished.

Vanquished Creatures (others)
  270 foxfires
270 creatures vanquished.

Grand Total: 364 creatures vanquished

Notes
Turn   | Place    | Note
-------+----------+-------------------------------------------
     0 | D:1      | funkygono the Djinni Fire Elementalist began the quest for
                  | the Orb.
     0 | D:1      | Reached XP level 1. HP: 15/15 MP: 0/0
   298 | D:1      | Reached skill level 3 in Spellcasting
   340 | D:1      | Reached XP level 2. HP: 19/21 MP: 0/0
   789 | D:1      | Reached XP level 3. HP: 23/25 MP: 0/0
   789 | D:1      | Learned a level 1 spell: Freeze
  1369 | D:2      | Noticed Sigmund
  1376 | D:2      | Killed Sigmund
  1377 | D:2      | Reached skill level 1 in Armour
  1377 | D:2      | Reached skill level 4 in Spellcasting
  1377 | D:2      | Reached XP level 4. HP: 24/31 MP: 0/0
  1377 | D:2      | Reached XP level 5. HP: 27/35 MP: 0/0
  1377 | D:2      | Learned a level 2 spell: Corpse Rot
  1379 | D:2      | Reached skill level 5 in Spellcasting
  1489 | D:2      | Found Donisamn's Armour Shop.
  1637 | D:2      | Found a faded altar of an unknown god.
  1683 | D:2      | Found Huasoph's Distillery.
  2041 | D:2      | Found a burning altar of Makhleb.
  2048 | D:2      | Reached XP level 6. HP: 31/40 MP: 0/0
  3332 | D:4      | Found a staircase to the Ecumenical Temple.
  3361 | D:4      | Reached skill level 6 in Spellcasting
  3364 | D:4      | Reached XP level 7. HP: 22/45 MP: 0/0
  3364 | D:4      | Learned a level 2 spell: Passwall
  3555 | Temple   | Entered the Ecumenical Temple
  3663 | Temple   | Became a worshipper of Cheibriados the Contemplative
  3967 | D:5      | Entered Level 5 of the Dungeon
  4130 | D:5      | Found a hide-covered altar of Uskayaw.
  4239 | D:5      | Reached skill level 7 in Spellcasting
  4251 | D:5      | Slain by a scorpion

Illustrated notes

Levels and vault maps discovered:
D:1:      lightli_arrival_quake, layout_rooms
D:2:      layout_rooms, serial_shops, shop, nicolae_shop_window_shopping,
          chequers_ecumenical_altar_grove, makhleb_blood_cavern_becter,
          uniq_sigmund
D:3:      layout_rooms, nicolae_overflow_hidden_temple
D:4:      layout_basic, old_standard_altar, minmay_temple_entry_ruins
D:5:      layout_loops_ring, nicolae_overflow_crystal_walls, minmay_diced_spiral
Temple:   regret_index_temple_sphere_string

Skill      XL: |  1  2  3  4  5  6  7 |
---------------+----------------------+-----
Spellcasting   | 3 4 5 6 7 |  7.2
Armour         | 1 2 |  2.4
Dodging        | 3 |  3.0
Stealth        | |  1.5

Action                   |  1- 3 |  4- 6 |  7- 9 || total
-------------------------+-------+-------+-------++-------
Melee: Dagger            |     1 |       |       ||     1
 Cast: Foxfire           |    45 |    96 |    26 ||   167
       Conjure Flame     |       |     3 |     1 ||     4
       Inner Flame       |       |     3 |       ||     3
       Corpse Rot        |       |     1 |       ||     1
       Sticky Flame      |       |     1 |     3 ||     4
Invok: Bend Time         |       |       |     1 ||     1
  Use: Scroll            |     5 |     6 |     4 ||    15
Armor: Robe              |     3 |       |       ||     3
       Leather armour    |       |     1 |     4 ||     5
Dodge: Dodged            |     6 |    13 |    12 ||    31

Table legend: (Time is in decaauts)
 A = Elapsed time spent in this place.
 B = Non-inter-level travel time spent in this place.
 C = Inter-level travel time spent in this place.
 D = Time resting spent in this place.
 E = Time spent auto-exploring this place.
 F = Levels seen in this place.
 G = Mean time per level.
                   A        B        C        D        E       F      G
               +--------+--------+--------+--------+--------+-----+--------+
         Total |   4383 |   4257 |    126 |    188 |   3443 |   6 |  730.5 |
       Dungeon |   4201 |   4084 |    117 |    188 |   3281 |   5 |  840.2 |
        Temple |    182 |    173 |      9 |      0 |    161 |   1 |  182.0 |
               +--------+--------+--------+--------+--------+-----+--------+

Top non-repeatable levels by time:
     D:1: 1355 daAuts
     D:4: 1138 daAuts
     D:2: 863 daAuts
     D:3: 496 daAuts
     D:5: 349 daAuts
  Temple: 182 daAuts
